Unix NetHack Version 3.7.0-65 Work-in-progress - last build Oct 10 2022 05:34:18 (2afc5cfc90f7ecdc2856d9919a2295b875398e55,branch:master). Game began 2022-10-20 15:22:54, ended 2022-10-21 17:16:22. torpedovariant, lawful female human Barbarian ------ .....).. -.----.... ...% --.... ..%. --... .... |... %... --- .... -----a----- ---....&....--- |%....%A0.....| |. ----A---- .| | |.......| | |...@...| |A.@@...| |)......| |.......| --------- Torpedovariant the Raider St:25 Dx:18 Co:18 In:13 Wi:18 Ch:11 Lawful Astral Plane $:0 HP:174(307) Pw:38(38) AC:-19 Exp:15 T:35381 Satiated Lev Latest messages: "The great Mitra has sent me to make you pay for your sins!" "Mercy! Dost thou wish me to die of laughter?" The Angel of Moloch swings his long sword at the Angel of Crom. The Angel of Moloch hits the Angel of Crom. The Angel of Moloch swings his long sword at the Angel of Crom. The Angel of Moloch hits the Angel of Crom. The Angel of Moloch misses the Angel of Crom. What do you want to use or apply? [beiks-vzMNUW or ?*] What do you want to take off? [CDEF or ?*] The Angel of Crom swings her long sword at it. The Angel of Crom hits it. The renegade Angel of Set swings his long sword at the Angel of Mitra. The renegade Angel of Set hits the Angel of Mitra. The renegade Angel of Set swings his long sword at the Angel of Mitra. The renegade Angel of Set hits the Angel of Mitra. The renegade Angel of Set hits the Angel of Mitra. You hear a mumbled curse. You hear a mumbled curse. You finish taking off your helm. What do you want to wear? [nF or ?*] The Elvenqueen swings her elven broadsword at the high priestess of Mitra. The Elvenqueen hits the high priestess of Mitra. The Elvenqueen swings her elven broadsword at the high priestess of Mitra. The Elvenqueen misses the high priestess of Mitra. The high priestess of Mitra wields a mace! The mace welds itself to the high priestess of Mitra's hand! The Angel of Crom swings her long sword at Pestilence. The Angel of Crom hits Pestilence. The Angel of Crom swings her long sword at Pestilence. The Angel of Crom hits Pestilence. The Angel of Crom hits Pestilence. The Angel of Mitra swings her long sword at the renegade Angel of Set. The Angel of Mitra hits the renegade Angel of Set. The Angel of Mitra swings her long sword at the renegade Angel of Set. The Angel of Mitra hits the renegade Angel of Set. The Angel of Mitra hits the renegade Angel of Set. The renegade Angel of Set is killed! The Angel of Moloch points at you, then curses. You finish your dressing maneuver. Your mind oscillates briefly. You are blasted by the Heart of Ahriman's power! The helm of opposite alignment glows black for a moment. There is a high altar to Mitra (lawful) here. What do you want to sacrifice? [S or ?*] You offer the Amulet of Yendor to Mitra... An invisible choir sings, and you are bathed in radiance... The voice of Mitra booms out: "Mortal, thou hast done well!" "In return for thy service, I grant thee the gift of Immortality!" You ascend to the status of Demigoddess... Do you want your possessions identified? [ynq] (y) Inventory: Amulets f - an uncursed amulet of reflection (being worn) Weapons a - the blessed rustproof +7 Excalibur (wielded in right hand) w - a blessed +6 silver saber (wielded in left hand) Armor n - a cursed +0 helm of opposite alignment (being worn) B - a blessed greased +4 gray dragon scale mail (being worn) C - a blessed greased fireproof +3 oilskin cloak (being worn) D - a blessed fireproof +5 pair of speed boots (being worn) E - a blessed greased rustproof +4 pair of gauntlets of power (being worn) F - an uncursed rusty +0 helm of brilliance Comestibles L - an uncursed lizard corpse named KFC Spellbooks W - the uncursed Book of the Dead Rings m - a blessed ring of free action (on right hand) K - a blessed greased ring of conflict (on left hand) Wands v - an uncursed wand of teleportation (0:6) z - an uncursed wand of digging (0:3) M - an uncursed wand of teleportation (0:5) N - an uncursed wand of death (0:2) Tools b - a blessed bag of holding containing 97 items e - a blessed stethoscope i - the uncursed Candelabrum of Invocation (0 of 7 candles attached) k - an uncursed skeleton key s - an uncursed sack named cancellation containing 1 item t - a blessed blindfold u - a blessed +0 unicorn horn named mmf, L; U - the uncursed Bell of Opening (0:1) Gems/Stones x - the blessed Heart of Ahriman Contents of the bag of holding: an uncursed amulet of life saving an uncursed +0 bullwhip an uncursed +0 pair of water walking boots an uncursed +0 mummy wrapping 5 uncursed food rations 4 uncursed tripe rations an uncursed lizard corpse named MCD a blessed scroll of scare monster a cursed scroll of amnesia 6 blessed scrolls of blank paper 10 uncursed scrolls of blank paper 2 blessed scrolls of charging 3 uncursed scrolls of create monster an uncursed scroll of create monster 2 uncursed scrolls of earth a blessed scroll of fire 3 uncursed scrolls of fire a blessed scroll of gold detection 3 blessed scrolls of identify 3 uncursed scrolls of identify an uncursed scroll of remove curse an uncursed scroll of taming a cursed scroll of teleportation an uncursed scroll of teleportation a cursed potion of fruit juice 21 potions of holy water 7 uncursed potions of water 4 potions of unholy water a blessed diluted potion of extra healing 14 uncursed diluted potions of extra healing 4 blessed diluted potions of full healing an uncursed potion of full healing an uncursed diluted potion of full healing 4 blessed potions of levitation an uncursed potion of object detection a cursed potion of object detection 2 uncursed potions of paralysis an uncursed ring of free action an uncursed ring of free action an uncursed +1 ring of gain constitution a blessed ring of levitation a blessed ring of teleport control an uncursed ring of teleport control an uncursed wand of slow monster (0:6) an uncursed wand of slow monster (0:3) an uncursed wand of striking (0:3) an uncursed wand of striking (0:0) an uncursed wand of striking (0:1) an uncursed wand of striking (0:5) an uncursed wand of striking (0:5) an uncursed wand of striking (0:5) an uncursed wand of striking (0:5) an uncursed wand of striking (0:5) an uncursed wand of striking (0:1) an uncursed wand of striking (0:8) an uncursed wand of striking (0:6) an uncursed wand of striking (0:6) an uncursed wand of cold (0:6) an uncursed wand of cold (0:3) an uncursed wand of cold (0:3) an uncursed wand of cold (0:5) an uncursed wand of cold (0:3) an uncursed wand of cold (0:5) an uncursed wand of cold (0:6) an uncursed wand of cold (0:7) an uncursed wand of cold (0:5) an uncursed wand of cold (0:3) an uncursed wand of digging (0:7) an uncursed wand of digging (0:3) an uncursed wand of digging (0:3) an uncursed wand of digging (0:4) an uncursed wand of digging (0:5) an uncursed wand of digging (0:7) an uncursed wand of digging (0:7) an uncursed wand of fire (0:4) an uncursed wand of fire (0:4) an uncursed wand of fire (0:5) a blessed wand of magic missile (0:4) an uncursed wand of magic missile (0:0) an uncursed wand of magic missile (0:3) an uncursed wand of magic missile (0:7) an uncursed wand of magic missile (0:8) an uncursed wand of secret door detection (0:11) an uncursed wand of sleep (0:2) an uncursed wand of sleep (0:3) an uncursed wand of sleep (0:3) an uncursed wand of speed monster (0:7) an uncursed wand of speed monster (0:3) an uncursed wand of wishing (1:1) an uncursed bugle an uncursed bugle 2 blessed tallow candles an uncursed partly used tallow candle a blessed magic marker (0:23) an uncursed rustproof +0 pick-axe an uncursed amethyst stone a blessed touchstone Contents of the sack named cancellation: an uncursed wand of cancellation (0:4) Torpedovariant the Barbarian's attributes: Background: You were a Raider, a level 15 female human Barbarian. You were lawful, temporarily on a mission for Mitra who was opposed by Crom (neutral) and Set (chaotic). You were actually chaotic. You were in the endgame, on the Astral Plane. You entered the dungeon 35381 turns ago. You had 201275 experience points, 118725 more were needed to attain level 16. Basics: You had 174 out of 307 hit points. You had all 38 energy points (spell power). Your armor class was -19. Your wallet was empty. Autopickup was on for '?!' plus thrown, with exceptions. Final Characteristics: Your strength was 25 (base:18/21, innate limit:18/100). Your dexterity was 18 (limit:18). Your constitution was 18 (limit:18). Your intelligence was 13 (limit:18). Your wisdom was 18 (limit:18). Your charisma was 11 (limit:18). Final Status: You were levitating, at will. You were satiated. You were unencumbered. You were wielding two weapons at once. Your skill in long sword was limited by being basic with two weapons. Your skill in saber was also limited by being basic with two weapons. Final Attributes: You were fervently aligned. You were magic-protected. You were fire resistant. You were cold resistant. You were sleep resistant. You were disintegration resistant. You were shock resistant. You were poison resistant. You were level-drain resistant. You saw invisible. You were telepathic. You had automatic searching. You were invisible to others. You were stealthy. You caused conflict. You were guarded. You were very fast. You had reflection. You had free action. You were extremely lucky. You had extra luck. Good luck did not time out for you. You survived. Miscellaneous: You encountered 2 bones levels. Total elapsed playing time was 4 hours, 29 minutes and 45 seconds. Major events: Turn 1: torpedovariant the chaotic female human Barbarian entered the dungeon 540: attained the rank of Pillager (level 3) 1543: entered the Gnomish Mines 3101: attained the rank of Bandit (level 6) 3810: reached Mine Town 5768: destroyed elky's ghost, the former Skirmisher 7797: was bestowed with Cleaver by Set 9129: was bestowed with Trollsbane by Set 9158: entered the Bigroom 9301: destroyed MoonPig's ghost, the former Kunoichi 9302: found Excalibur on the floor 10171: entered Sokoban 10430: completed 1st Sokoban level 10997: completed 2nd Sokoban level 11258: completed 3rd Sokoban level 12036: completed 4th Sokoban level 12068: attained the rank of Brigand (level 10) 12150: acquired the Sokoban bag of holding 14772: was bestowed with Werebane by Set 21682: made her first wish - "blessed greased greased greased greased greased greased greased +2 gray dragon scale mail", got "a greased gray dragon scale mail" 22675: killed Medusa 24002: performed her first genocide (master mind flayers) 24225: entered Gehennom 25079: attained the rank of Raider (level 14) 26454: found the Heart of Ahriman on the floor 26456: killed the invisible Thoth Amon 26457: acquired the Bell of Opening 27194: wished for "blessed greased greased greased greased greased fixed +2 gauntlets of power", got "a greased pair of old gloves" 27223: wished for "blessed greased greased greased fixed +2 oilskin cloak", got "a greased oilskin cloak" 29064: killed Asmodeus 29667: killed Juiblex 30848: killed Orcus 30871: killed the invisible Yeenoghu 31705: destroyed Vlad the Impaler 31708: acquired the Candelabrum of Invocation 31984: genocided class L 33429: wished for "blessed greased greased greased fixed ring of conflict", got "a greased steel ring" 33502: killed the Wizard of Yendor 33503: acquired the Book of the Dead 33528: performed the invocation 33604: killed the high priestess of Moloch 33608: acquired The Amulet of Yendor 34865: killed the invisible Baalzebub 34869: killed the Wizard of Yendor (2nd time) 35128: entered the Elemental Planes 35128: entered Plane of Earth 35129: killed the Wizard of Yendor (3rd time) 35184: entered Plane of Air 35232: entered Plane of Fire 35286: entered Plane of Water 35287: genocided class ; 35345: entered the Astral Plane 35359: killed Pestilence 35381: ascended Vanquished creatures: Asmodeus Baalzebub Orcus Yeenoghu Juiblex the Wizard of Yendor (4 times) Pestilence Vlad the Impaler a high cleric Medusa 13 krakens 3 master liches 2 storm giants a glass golem a balrog Thoth Amon 3 purple worms a gray dragon 2 gold dragons a silver dragon 2 red dragons 2 white dragons 3 black dragons a blue dragon a green dragon 3 yellow dragons 9 minotaurs 2 baluchitheria 2 Angels 2 demiliches a stone golem an Olog-hai a Nazgul 3 pit fiends a sandestin 2 hell hounds a titanothere a trapper a baby red dragon a baby white dragon 4 baby yellow dragons 3 disenchanters 22 vampire leaders a skeleton an aligned cleric 2 captains 6 shades 4 liches a clay golem 3 nurses 3 ice devils a nalfeshnee a frost giant 2 ettins 2 golden nagas 5 black puddings 22 vampires 6 lieutenants 27 ghosts a queen bee 3 winged gargoyles 3 mind flayers 8 giant mimics a long worm 3 zruties 2 fire giants 2 ogre tyrants 39 rock trolls 2 umber hulks a flesh golem 2 elven monarchs a doppelganger 3 hezrous 3 bone devils 4 large mimics a wumpus a fire vortex 7 stalkers 4 air elementals 4 fire elementals 4 earth elementals 6 water elementals a hill giant a giant mummy 4 black nagas 5 xorns 18 giant zombies an elf-noble 6 sergeants 3 barbed devils 7 vrocks 5 salamanders 11 wargs a winter wolf 2 hell hound pups 20 small mimics 7 warhorses 4 steam vortices 7 xans 3 ettin mummies 3 ogre leaders 10 quantum mechanics 26 trolls 4 sasquatches 2 wood golems an erinys 2 mariliths 8 sharks 8 electric eels 2 gelatinous cubes 2 pyrolisks a large dog 5 freezing spheres 3 flaming spheres 6 shocking spheres 3 large cats 4 gargoyles 3 dwarf rulers 3 tengu 6 leocrottas 2 energy vortices 5 stone giants 3 human mummies a python 7 pit vipers 8 cobras 27 wraiths 5 carnivorous apes 13 ettin zombies 5 leather golems 2 Grey-elves 71 soldiers 3 amorous demons 2 horned devils 3 chameleons 3 crocodiles 7 giant beetles 5 quivering blobs 10 cockatrices 5 wolves 2 winter wolf cubs 2 lynxes a gremlin 2 spotted jellies 36 leprechauns 4 orc-captains an iron piercer 2 mumakil 14 giant spiders a scorpion 2 horses 4 ice vortices 7 black lights 10 vampire bats a forest centaur 8 gnome rulers 4 orc mummies 3 dwarf mummies 53 ogres 4 brown puddings 6 rust monsters 4 owlbears 5 yetis a gold golem a werewolf 4 piranha 13 giant eels 9 lizards 10 chickatrices 4 dingoes 2 dogs 2 jaguars 3 dwarf leaders a blue jelly 4 gray unicorns a black unicorn 2 dust vortices 4 ravens 6 plains centaurs 5 gnome mummies 9 snakes 5 water moccasins 6 apes 12 human zombies a rope golem a Woodland-elf 13 soldier ants 9 fire ants 9 bugbears an imp 10 lemures a quasit 6 wood nymphs 6 water nymphs 4 mountain nymphs a Mordor orc 24 Uruk-hai an orc shaman 4 rock piercers 4 rock moles 2 ponies 5 fog clouds 3 yellow lights a shrieker 2 violet fungi 19 gnome leaders 8 gnomish wizards 2 kobold mummies 4 black naga hatchlings 4 gray oozes 2 barrow wights 14 elf zombies 10 ghouls 2 straw golems 2 paper golems 4 jellyfish a baby crocodile 16 giant ants 13 floating eyes a kitten 20 dwarves a kobold leader 20 hill orcs 11 rothes 3 rabid rats 2 centipedes 2 giant bats 3 monkeys 12 orc zombies 10 dwarf zombies a wererat a werejackal 12 iguanas 45 killer bees 2 acid blobs a coyote a gas spore 10 hobbits 6 manes 5 large kobolds 14 hobgoblins 15 giant rats 8 cave spiders a yellow mold a green mold 2 red molds 63 gnomes 16 garter snakes 11 gnome zombies 6 geckos 12 jackals a fox 2 kobolds 4 goblins 12 sewer rats 5 grid bugs 3 bats 7 lichens 12 kobold zombies 14 newts 1564 creatures vanquished. Genocided or extinct species: master mind flayers liches demiliches master liches arch-liches ogres (extinct) jellyfish piranha sharks giant eels electric eels krakens 11 species genocided. 1 species extinct. Voluntary challenges: You read items or engraved 106 times. You never engraved Elbereth. You genocided 11 types of monsters. You never changed form. You used 4 wishes. You did not wish for any artifacts. You did not violate any of the special Sokoban rules. Achievements: You attained the rank of Pillager. You entered a shop. You entered the Gnomish Mines. You attained the rank of Bandit. You entered Minetown. You entered a temple. You entered the Big Room. You entered Sokoban. You attained the rank of Brigand. You completed Sokoban. You defeated Medusa. You learned the tune to open and close the Castle's drawbridge. You entered Gehennom. You attained the rank of Raider. You had the Bell of Opening. You had the Candelabrum of Invocation. You had the Book of the Dead. You gained access to Moloch's Sanctum. You reached the Elemental Planes. You reached the Astral Plane. You delivered the Amulet of Yendor. You ascended! The Elemental Planes: Astral Plane: <- You are here. A temple to Mitra. Plane of Water: Plane of Fire: Plane of Air: Plane of Earth: The Dungeons of Doom: levels 1 to 28 Level 1: One way stairs up to The Elemental Planes. Level 2: "longswords in store" A weapon shop. Level 3: Some altars, a grave. Level 4: "stash 0" A fountain. Stairs down to The Gnomish Mines. Level 5: "!oGL in shop $450" A potion shop. Level 6: "{ =" A general store, a sink. Level 7: "stash >" An altar, a grave. Final resting place for elky-Val-Dwa-Fem-Law, killed by a fire ant. Level 8: Many fountains. Oracle of Delphi. Level 9: Some shops, an altar, a fountain. Stairs up to Sokoban, level 8. Level 10: A very big room. Level 11: "%, empty /oCancellation >" Some altars. Final resting place for MoonPig-Sam-Hum-Fem-Law, killed by a dingo, while frozen by a floating eye's gaze. Level 12: Many fountains. Level 13: Level 14: Portal to The Quest. Level 15: A primitive area. Level 16: A fountain. Level 17: A fountain. Level 18: An armor shop, an altar, a fountain, a grave. Level 19: An altar, a fountain. Level 20: Level 21: A temple to Mitra, a fountain. Level 22: Level 23: "{ P=" Many altars, a sink. Level 24: A fountain. Level 25: Some fountains. Level 26: Some fountains, many trees. Level 27: Level 28: A fountain. The castle (play notes "CCGCC" to open or close drawbridge). Connection to Gehennom. Gehennom: levels 29 to 50 Level 29: A temple, many graves. Valley of the Dead. Level 30: Level 31: Level 32: Level 33: Level 34: Some fountains. Level 35: Level 36: Level 37: Level 38: Level 39: Some shops, an altar, many graves. Level 40: Stairs up to Vlad's Tower, level 39. Level 41: Level 42: Level 43: Level 44: Level 45: Level 46: Level 47: Level 48: Level 49: Level 50: A temple, many graves. Moloch's Sanctum. The Gnomish Mines: levels 5 to 12 Level 5: Level 6: Level 7: "sell stash >" Level 8: "shopkeeper ~$400" Many shops, a temple, a fountain. Level 9: Level 10: "polytrap" Level 11: Level 12: The Quest: levels 1 to 5 Level 1: Many trees. Completed quest for Pelias. Level 2: Level 3: Level 4: "sack" Level 5: An altar. Sokoban: levels 8 up to 5 Level 5: Solved. Level 6: "coaligned uni" Solved. Level 7: Solved. Level 8: Solved. Vlad's Tower: levels 39 up to 37 Level 37: Level 38: Level 39: Goodbye torpedovariant the Demigoddess... You went to your reward with 840644 points, Excalibur (worth 4000 zorkmids and 10000 points) The Candelabrum of Invocation (worth 5000 zorkmids and 12500 points) The Heart of Ahriman (worth 2500 zorkmids and 6250 points) The Bell of Opening (worth 5000 zorkmids and 12500 points) The Book of the Dead (worth 10000 zorkmids and 25000 points) and 0 pieces of gold, after 35381 moves. You were level 15 with a maximum of 307 hit points when you ascended.